 Dungeon Sprint DCSS version 0.13-a0-2648-g56e3d78 (webtiles) character file.

4199 Daniel the Severer (level 10, -1/93 HPs)
             Began as a Minotaur Fighter on Aug 9, 2013.
             Was a High Priest of Okawaru.
             Slain by a giant leech (20 damage)
             ... in the Dungeon (Sprint IX: "|||||||||||||||||||||||||||||").
             The game lasted 00:04:22 (1274 turns).

Daniel the Severer (Minotaur Fighter)               Turns: 1274, Time: 00:04:22

HP  -1/93        AC 19     Str 26      XL: 10   Next:  8%
MP   3/3         EV  8     Int  5      God: Okawaru [*****.]
Gold 20          SH  0     Dex 11      Spells:  0 memorised,  9 levels left

Res.Fire  : . . .   See Invis. : .   n - +2,-1 broad axe
Res.Cold  : . . .   Warding    : .   r - +1 chain mail
Life Prot.: . . .   Conserve   : .   (no shield)
Res.Poison: .       Res.Corr.  : .   (helmet restricted)
Res.Elec. : .       Clarity    : .   p - +0 elf cloak
Sust.Abil.: . .     Spirit.Shd : .   q - +0 pair of gloves
Res.Mut.  : .       Prev.Telep.: +   (no boots)
Res.Rott. : .       Flight     : .   (no amulet)
Saprovore : . . .                    s - +3 ring of strength
                                     t - +2 ring of protection

@: somewhat resistant to hostile enchantments, extremely unstealthy
A: retaliatory headbutt, horns 2
a: Heroism, Finesse, Renounce Religion


You were in the Dungeon.
You worshipped Okawaru.
Okawaru was extremely pleased with you.
You were not hungry.

You visited 1 branch

Inventory:

Hand weapons
 a - a +0,+0 hand axe {=f}
 n - a +2,-1 broad axe (weapon)
 o - a +2,+2 scimitar of flaming
Armour
 b - a +0 scale mail
 c - a +0 shield
 p - a +0 elven cloak (worn)
 q - a +0 pair of gloves (worn)
 r - a +1 chain mail (worn)
Magical devices
 m - a wand of cold (7)
Scrolls
 j - 2 scrolls of blinking
 l - 3 scrolls of remove curse
 w - 2 scrolls of recharging
 x - 2 scrolls of enchant weapon III
 y - a scroll of fear
Jewellery
 s - a +3 ring of strength (right hand)
 t - a +2 ring of protection (left hand)
Potions
 e - 3 potions of curing
 f - 2 potions of heal wounds
 g - a potion of speed
 h - 2 potions of magic
 i - a potion of berserk rage
 k - a potion of invisibility
 u - a potion of restore abilities
 v - 3 potions of agility


   Skills:
 + Level 14.1 Fighting
 * Level 18.6 Axes
 + Level 14.0 Armour
   Level 3.6 Shields


You had 9 spell levels left.
You didn't know any spells.

Dungeon Overview and Level Annotations

Branches:
Dungeon (1/1)

Altars:
Ashenzari
Cheibriados
Elyvilon
Fedhas
Kikubaaqudgha
Makhleb
Nemelex Xobeh
Okawaru
Sif Muna
Trog
Vehumet
Xom
Yredelemnul
Zin
the Shining One


Innate Abilities, Weirdness & Mutations

You reflexively headbutt those who attack you in melee.
You have a pair of horns on your head.


Message History

The giant leech bites you!
* * * LOW HITPOINT WARNING * * *
The giant leech draws strength from your injuries!
Drink which item? (? for menu, Esc to quit)
You feel much better. The giant leech bites you!
The giant leech draws strength from your injuries!
You completely miss the giant leech.
The giant leech is lightly wounded.
You barely miss the giant leech.
The giant leech is lightly wounded.
The giant leech bites you!
* * * LOW HITPOINT WARNING * * *
You completely miss the giant leech. You headbutt the giant leech!
The giant leech is lightly wounded.
You slash the giant leech! You headbutt the giant leech.
The giant leech is moderately wounded.
You hit the giant leech. Your headbutt misses the giant leech.
The giant leech is moderately wounded.
The giant leech bites you!
You die...

#########################
.......'........@wFFyF...
#################################
.................................
#################################
_______________'!?|).....'.[...))
#################################


You could see a giant leech, 2 spiny frogs, a vampire mosquito and a giant frog.

Vanquished Creatures
  A centaur warrior (D)
  An unseen horror (D)
  A hill giant (D)
  A black mamba (D)
  A spiny frog (D)
  A slime creature (D)
  2 blink frogs (D)
  A yak (D)
  A hippogriff (D)
  A vampire mosquito (D)
  A porcupine (D)
  An ice beast (D)
  A boring beetle (D)
  A crocodile (D)
  A centaur (D)
  2 giant slugs (D)
  3 water moccasins (D)
  2 giant frogs (D)
  2 agate snails (D)
  A crimson imp (D)
  A jelly (D)
  A giant centipede (D)
  A worm (D)
  An orc (D)
  A goblin (D)
  3 hobgoblins (D)
  A bat (D)
  A hobgoblin zombie (D)
  A kobold (D)
  3 rats (D)
  2 rat zombies (D)
  A fungus (D)
43 creatures vanquished.

Vanquished Creatures (others)
  A fungus (D)
  A plant (D)
2 creatures vanquished.

Grand Total: 45 creatures vanquished

Notes
Turn   | Place    | Note
--------------------------------------------------------------
     0 | D        | Daniel, the Minotaur Fighter, began the quest for the Orb.
     0 | D        | Reached XP level 1. HP: 19/19 MP: 0/0
    19 | D        | Reached skill level 4 in Fighting
    88 | D        | Noticed a centaur
    97 | D        | Reached XP level 2. HP: 14/27 MP: 0/0
   116 | D        | Killed a centaur
   116 | D        | Reached skill level 6 in Fighting
   116 | D        | Reached skill level 7 in Axes
   116 | D        | Reached XP level 3. HP: 16/34 MP: 1/1
   116 | D        | Reached XP level 4. HP: 19/41 MP: 1/1
   226 | D        | Found a glowing golden altar of the Shining One.
   226 | D        | Found a shimmering altar of Xom.
   226 | D        | Found a blossoming altar of Fedhas.
   226 | D        | Found a burning altar of Makhleb.
   226 | D        | Found a white marble altar of Elyvilon.
   226 | D        | Found a radiant altar of Vehumet.
   226 | D        | Found a shattered altar of Ashenzari.
   227 | D        | Found a glowing silver altar of Zin.
   228 | D        | Found a deep blue altar of Sif Muna.
   229 | D        | Found an iron altar of Okawaru.
   230 | D        | Found a basalt altar of Yredelemnul.
   231 | D        | Found a snail-covered altar of Cheibriados.
   232 | D        | Found a sparkling altar of Nemelex Xobeh.
   233 | D        | Found a bloodstained altar of Trog.
   234 | D        | Found an ancient bone altar of Kikubaaqudgha.
   235 | D        | Found a glowing golden altar of the Shining One.
   236 | D        | Found a sparkling altar of Nemelex Xobeh.
   255 | D        | Became a worshipper of Warmaster Okawaru
   306 | D        | Noticed an ice beast
   306 | D        | Noticed a giant frog
   325 | D        | Killed an unseen horror
   325 | D        | Acquired Okawaru's first power
   325 | D        | Reached skill level 10 in Fighting
   325 | D        | Reached skill level 12 in Axes
   325 | D        | Reached XP level 5. HP: 17/50 MP: 1/1
   325 | D        | Reached XP level 6. HP: 19/58 MP: 2/2
   325 | D        | Reached XP level 7. HP: 20/64 MP: 2/2
   329 | D        | Killed an ice beast
   329 | D        | Reached skill level 13 in Axes
   329 | D        | Reached skill level 10 in Armour
   331 | D        | Killed a giant frog
   444 | D        | Noticed a hill giant
   444 | D        | Noticed a centaur warrior
   444 | D        | Noticed a slime creature
   444 | D        | Noticed a crimson imp
   455 | D        | Killed a hill giant
   455 | D        | Reached skill level 14 in Axes
   455 | D        | Reached XP level 8. HP: 30/74 MP: 2/2
   464 | D        | HP: 3/74 [centaur warrior (11)]
   464 | D        | HP: 1/74 [centaur warrior (2)]
   466 | D        | Killed a centaur warrior
   466 | D        | Reached skill level 15 in Axes
   471 | D        | Killed a slime creature
   471 | D        | Reached skill level 16 in Axes
   471 | D        | Reached XP level 9. HP: 15/82 MP: 3/3
   473 | D        | Killed a crimson imp
   787 | D        | Noticed a spiny frog
   787 | D        | Noticed a hippogriff
   787 | D        | Noticed a giant frog
   787 | D        | Noticed a yak
   788 | D        | Noticed a porcupine
   795 | D        | Killed a spiny frog
   803 | D        | Noticed a water moccasin
   807 | D        | Killed a hippogriff
   814 | D        | Killed a giant frog
   814 | D        | Reached skill level 17 in Axes
   817 | D        | Killed a yak
   821 | D        | Killed a porcupine
   825 | D        | Killed a water moccasin
   937 | D        | Noticed a giant slug
   937 | D        | Noticed a black mamba
   937 | D        | Noticed a crocodile
   937 | D        | Noticed a water moccasin
   937 | D        | Noticed a giant slug
   937 | D        | Noticed an agate snail
   937 | D        | Noticed a boring beetle
   946 | D        | Killed a giant slug
   955 | D        | Killed a black mamba
   960 | D        | Killed a crocodile
   966 | D        | Killed a water moccasin
   971 | D        | Killed a giant slug
   971 | D        | Reached skill level 18 in Axes
   977 | D        | Killed an agate snail
   989 | D        | Killed a boring beetle
   998 | D        | Acquired Okawaru's second power
  1124 | D        | Noticed an agate snail
  1125 | D        | Noticed a water moccasin
  1146 | D        | Killed an agate snail
  1148 | D        | Killed a water moccasin
  1242 | D        | Noticed a vampire mosquito
  1242 | D        | Noticed a giant leech
  1242 | D        | Noticed a giant frog
  1242 | D        | Noticed a blink frog
  1242 | D        | Noticed a blink frog
  1242 | D        | Noticed a spiny frog
  1242 | D        | Noticed a vampire mosquito
  1246 | D        | Noticed a spiny frog
  1249 | D        | Killed a vampire mosquito
  1253 | D        | Killed a blink frog
  1253 | D        | Reached XP level 10. HP: 67/93 MP: 3/3
  1261 | D        | Killed a blink frog
  1274 | D        | Slain by a giant leech

Action                   |  1- 3 |  4- 6 |  7- 9 | 10-12 || total
-------------------------+-------+-------+-------+-------++-------
Melee: Hand axe          |    36 |       |       |       ||    36
       Broad axe         |       |    18 |   138 |    20 ||   176
Invok: Heroism           |       |       |     1 |       ||     1
  Use: Potion            |       |       |     4 |     1 ||     5
